[Event "GER-ch Youth-U10 2022"]
[Site "Willingen"]
[Date "2022.06.07"]
[Round "5.3"]
[White "Vartanian, Roman"]
[Black "Campora, Daniel H."]
[Result "1/2-1/2"]
[ECO "A85"]
[WhiteElo "1511"]
[BlackElo "2397"]
[Annotator "TA"]
[PlyCount "165"]
[EventDate "2022.06.05"]
[EventType "swiss"]
[EventRounds "11"]
[EventCountry "GER"]
[SourceTitle "playchess.com"]
[Source "ChessBase"]
[SourceQuality "1"]
[TimeControl "40/4500+30:900+30"]

1. Nf3 f5 2. c4 e6 3. e3 Nf6 4. Nc3 d5 5. d4 c6 6. Qc2 Bd6 7. Bd3 O-O {[%emt 0:00:51] A85: Dutch Defence: 2 c4 Nf6 3 Nc3.} 8. a3 Ne4 9. cxd5 exd5 {[%emt 0:00:17] Black has an edge.} 10. Qb3 Kh8 11. O-O Qe7 {[%emt 0:02:52] [#]} 12. Ne2 $146 ({Predecessor:} 12. Qd1 Rf6 13. Ne2 Rh6 14. Ng3 Qf6 15. b4 a6 16. Bb2 Nd7 17. Qe1 {½-½ (41) Schneider,M-Ludwig,I (1692) Schloss Schney 1993}) 12... Nd7 13. Bd2 Nxd2 14. Nxd2 Nf6 15. Nf3 Ne4 16. Rfe1 Rb8 17. Rac1 Bd7 18. Qc2 Be8 19. Ng3 Bg6 20. b4 a6 21. Nd2 (21. Qb2 $15) 21... Rbe8 22. f4 Nxd2 23. Qxd2 Qd7 24. Qc2 h6 25. Re2 Be7 26. Qa4 Rc8 27. Ree1 Rfe8 (27... Ra8 $15) 28. Qb3 Bh4 29. Be2 Re7 30. Bf3 Bf7 31. Qd3 g6 32. Qc3 Rce8 33. Qb3 (33. a4 $15) 33... Rd8 ({Black should play} 33... g5 $1 $17 {[%cal Rg5f4] And now ...gxf4 would win.} 34. Qc3 Bg6) 34. Re2 Rde8 (34... g5 $15 35. Rd2 gxf4 36. exf4 Qc7) 35. Nf1 (35. Ree1 $11) 35... Bf6 $15 36. Kf2 Kg7 37. g3 Qd6 38. Rce1 (38. Qd3 $11) 38... Qd7 (38... g5 $17) 39. Nd2 h5 40. h4 Ra8 (40... a5 $5) 41. Qc3 Qd6 42. Nb3 b6 43. Rc1 Rc7 44. Rec2 (44. a4 $1 $16) 44... Rac8 (44... Be7 $11 {is superior.}) 45. Qd3 Ra8 46. Qd2 Be7 47. Be2 (47. Rb1 $5 ) 47... Be8 48. Rc3 Kh7 49. R1c2 Kg7 50. Nc1 Qe6 (50... a5 $11) 51. Nd3 $14 Bf6 52. Bf3 Kh7 53. Ne5 Rac8 (53... Be7 $14) 54. Qd3 $1 $16 b5 55. Qd2 Kg7 {[%emt 0:00:16] [#]} (55... Be7 $1 $14) 56. Rc1 (56. Rc5 $1 $16) 56... Kh7 (56... Be7 $14) 57. R3c2 Kg7 58. Qd3 ({Better is} 58. Rc5 $16) 58... Kh7 {[%emt 0:00:27] [#]} (58... Be7 $14) 59. Qb3 (59. Rc5 $142 $1) 59... Qd6 60. Qc3 Bd8 61. Nd3 Kg7 62. Qb3 Kh7 63. Nc5 Ra8 64. a4 Kg7 65. Rd2 Kh7 66. Ra1 {[%emt 0:00:50] Threatens to win with axb5. White is much more active.} Rca7 67. axb5 (67. Rda2 $16) 67... axb5 $11 68. Rda2 Qc7 $2 (68... Rxa2+ $11 {and Black has nothing to worry.} 69. Rxa2 Rxa2+ 70. Qxa2 Bc7) 69. Qb2 $2 ({Only move:} 69. Rxa7 $18 Rxa7 70. Ne6) 69... Bf7 {[%emt 0:00:18] The position is equal.} 70. Rxa7 Rxa7 71. Ke2 Qb8 72. Nd3 Qa8 73. Rxa7 Qxa7 74. Ne5 Be8 75. Nd3 Be7 76. Kd2 Kg7 77. Bd1 Bd6 78. Bb3 Qa8 79. Qa2 Qxa2+ 80. Bxa2 Kf6 81. Ke2 Bd7 82. Kf3 Be8 83. Bb3 {[%emt 0:01:57] Weighted Error Value: White=0.20 (precise) /Black=0.21 (precise)} 1/2-1/2

[Event "GER-ch Youth-U10 2022"]
[Site "Willingen"]
[Date "2022.06.07"]
[Round "5.4"]
[White "Junge, Mattheo Gabriel"]
[Black "Rohatgi, Kushagra"]
[Result "0-1"]
[ECO "B11"]
[WhiteElo "1132"]
[BlackElo "1222"]
[Annotator "NA RC COMBH"]
[PlyCount "94"]
[EventDate "2022.06.05"]
[EventType "swiss"]
[EventRounds "11"]
[EventCountry "GER"]
[SourceTitle "playchess.com"]
[Source "ChessBase"]
[SourceQuality "1"]
[TimeControl "40/4500+30:900+30"]

1. e4 c6 2. Nf3 d5 3. Nc3 Bg4 4. h3 Bxf3 5. Qxf3 e6 6. Qg3 Nf6 7. d3 dxe4 8. dxe4 Nbd7 9. Be3 g6 10. O-O-O Bg7 11. f4 Qa5 12. f5 exf5 13. exf5 O-O-O 14. Rd6 Ne4 15. Nxe4 Be5 16. Bf4 Bxf4+ 17. Qxf4 Rhe8 18. Bc4 Qe5 19. Qxe5 Nxe5 20. Bb3 gxf5 21. Rxd8+ Rxd8 22. Rd1 Rxd1+ 23. Kxd1 fxe4 24. Ke2 Kd7 25. Ke3 f5 26. c3 Kd6 27. Bd1 Nc4+ 28. Kf4 Nxb2 29. Bb3 Nd3+ 30. Kxf5 Nc5 31. Bc4 b5 32. Be2 Na4 33. c4 bxc4 34. Bxc4 Nc5 35. g4 a5 36. g5 a4 37. h4 Ke7 38. g6 hxg6+ 39. Kxg6 Ne6 40. Bxe6 Kxe6 41. h5 e3 42. h6 e2 43. h7 e1=Q 44. Kg7 Qh1 45. Kh8 c5 46. a3 Qxh7+ 47. Kxh7 c4 0-1

[Event "GER-ch Youth-U10 2022"]
[Site "Willingen"]
[Date "2022.06.07"]
[Round "5.6"]
[White "Teng, David"]
[Black "Fischermann, Simon"]
[Result "1/2-1/2"]
[ECO "C74"]
[WhiteElo "1423"]
[BlackElo "1344"]
[Annotator "NA RC COMBH"]
[PlyCount "144"]
[EventDate "2022.06.05"]
[EventType "swiss"]
[EventRounds "11"]
[EventCountry "GER"]
[SourceTitle "playchess.com"]
[Source "ChessBase"]
[SourceQuality "1"]
[TimeControl "40/4500+30:900+30"]

1. e4 e5 2. Nf3 Nc6 3. Bb5 a6 4. Ba4 d6 5. c3 f5 6. d3 Nf6 7. Nbd2 Be7 8. Bb3 h6 9. Nf1 g5 10. Ne3 f4 11. Nd5 Na5 12. Nxf6+ Bxf6 13. Bc2 g4 14. Nd2 h5 15. b4 Nc6 16. Nb3 Bh4 17. g3 Bg5 18. gxf4 Bxf4 19. Bxf4 exf4 20. Qd2 Rf8 21. O-O-O Ne5 22. Qe2 Qg5 23. Nd4 h4 24. Kb1 g3 25. Rhg1 f3 26. Qe1 g2 27. Bb3 c5 28. bxc5 dxc5 29. Ne6 Bxe6 30. Bxe6 Ng6 31. h3 Nf4 32. Bg4 Ne2 33. Rxg2 Nxc3+ 34. Qxc3 fxg2 35. Rg1 Rxf2 36. Qh8+ Rf8 37. Bh5+ Ke7 38. Qh7+ Kd6 39. e5+ Kc6 40. Qe4+ Kb6 41. Bf3 Rab8 42. Rxg2 Qf4 43. Rb2+ Kc7 44. Rxb7+ Rxb7+ 45. Qxb7+ Kd8 46. Qb6+ Ke7 47. Qc7+ Ke6 48. Bg4+ Rf5 49. Qd6+ Kf7 50. Qd7+ Kg6 51. Qe6+ Kg5 52. Qg8+ Kh6 53. Qh8+ Kg6 54. Qg8+ Kh6 55. Qe6+ Kg5 56. Qxf5+ Qxf5 57. Bxf5 Kxf5 58. Kc2 Kxe5 59. Kc3 Kd5 60. a3 Kc6 61. Kc4 Kd6 62. a4 Kc6 63. a5 Kd6 64. d4 cxd4 65. Kxd4 Kc6 66. Kc4 Kd6 67. Kd4 Kc6 68. Kc4 Kd6 69. Kd4 Kc6 70. Kc4 Kd6 71. Kd4 Kc6 72. Kc4 Kd6 1/2-1/2

[Event "GER-ch Youth-U10 2022"]
[Site "Willingen"]
[Date "2022.06.07"]
[Round "5.7"]
[White "Kutz, Paul Matti"]
[Black "Zimmer, Tim"]
[Result "0-1"]
[ECO "C64"]
[WhiteElo "1202"]
[BlackElo "1164"]
[Annotator "NA RC COMBH"]
[PlyCount "64"]
[EventDate "2022.06.05"]
[EventType "swiss"]
[EventRounds "11"]
[EventCountry "GER"]
[SourceTitle "playchess.com"]
[Source "ChessBase"]
[SourceQuality "1"]
[TimeControl "40/4500+30:900+30"]

1. e4 e5 2. Nf3 Nc6 3. Bb5 Bc5 4. c3 Bb6 5. d4 Nf6 6. Bg5 O-O 7. dxe5 Bxf2+ 8. Kf1 Nxe5 9. Nxe5 Re8 10. Nf3 c6 11. Bd3 Qb6 12. Bxf6 gxf6 13. Qc2 Bc5 14. Na3 d5 15. exd5 cxd5 16. Bxh7+ Kg7 17. h4 Bg4 18. h5 Re3 19. h6+ Kh8 20. Re1 Rae8 21. Rxe3 Rxe3 22. Qa4 Bxf3 23. gxf3 Qxb2 24. Qc2 Rxf3+ 25. Ke1 Qxa3 26. Qg2 Qc1+ 27. Ke2 Re3+ 28. Kf2 Qd2+ 29. Kg1 Re2+ 30. Kh2 Rxg2+ 31. Kh3 Qf2 32. Rg1 Qg3# 0-1

[Event "GER-ch Youth-U10 2022"]
[Site "Willingen"]
[Date "2022.06.07"]
[Round "5.8"]
[White "Rau, Eduard"]
[Black "Van 't Hof, Eric"]
[Result "1-0"]
[ECO "C78"]
[WhiteElo "1406"]
[BlackElo "2081"]
[Annotator "TA"]
[PlyCount "77"]
[EventDate "2022.06.05"]
[EventType "swiss"]
[EventRounds "11"]
[EventCountry "GER"]
[SourceTitle "playchess.com"]
[Source "ChessBase"]
[SourceQuality "1"]
[TimeControl "40/4500+30:900+30"]

1. e4 e5 2. Nf3 Nc6 3. Bb5 a6 4. Ba4 Nf6 5. d3 Bc5 6. O-O b5 7. Bb3 d6 8. c3 h6 9. Re1 {[%emt 0:00:57] 9.Nbd2 gains popularity. C78: Ruy Lopez: Archangelsk and Möller Defences.} O-O 10. Nbd2 Bb6 11. h3 {[%emt 0:00:05] The position is equal.} Ne7 12. Nf1 Ng6 {[%emt 0:00:26] [#]} 13. Ne3 $146 ({Predecessor:} 13. Ng3 Be6 14. d4 c5 15. Bxe6 fxe6 16. dxe5 Nxe5 17. Nxe5 dxe5 18. c4 Ba5 19. Rf1 Qxd1 20. Rxd1 bxc4 {½-½ (56) McShane,L (2713)-Bologan,V (2695) Germany 2013}) 13... Nf4 14. Nf5 Bxf5 15. exf5 Qd7 16. Bxf4 exf4 17. Nh4 d5 18. Qf3 Qd6 19. d4 c6 20. Re5 Bc7 21. Rae1 Ne4 (21... b4 $11) 22. Ng6 fxg6 $4 {[%emt 0:00:53][%mdl 8192] [#] This costs Black the game.} (22... Ng5 $1 $11 23. Ne7+ {[#]} Qxe7 $1 24. Rxe7 Nxf3+ 25. gxf3 Bd8) 23. Qxe4 (23. R5xe4 $18 {Black must now prevent Re6.} Rad8 24. Re7) 23... Qf6 (23... gxf5 $16 {was called for.} 24. Rxf5 Kh8) 24. Re6 $18 Qxf5 (24... gxf5 $2 25. Rxf6 fxe4 26. Rxc6 $18) 25. Qxf5 Rxf5 26. Rxc6 Bd8 27. Rd6 Kh7 28. Re8 ({Less strong is} 28. Rxd5 Rxd5 29. Bxd5 Rb8 $18) ({Don't do} 28. Bxd5 Bc7 29. Rd7 (29. Bxa8 Bxd6 30. Bb7 Rf6 $18) 29... Rd8 $18) 28... Bc7 29. Rxa8 Bxd6 30. Rxa6 {[%emt 0:00:09][%mdl 4096] Endgame KRB-KRB} Bc7 31. Rc6 Rf7 32. Bxd5 Re7 33. Kf1 Rd7 34. Be4 Bd6 35. f3 h5 36. Bd3 {[%emt 0:00:54] White is clearly winning.} Kh6 37. Kf2 g5 38. Bxb5 g6 39. a4 {[%emt 0:00:56] Weighted Error Value: White=0.19 (very precise) /Black=0.42} 1-0

[Event "GER-ch Youth-U10 2022"]
[Site "Willingen"]
[Date "2022.06.07"]
[Round "5.9"]
[White "Belin, Anton"]
[Black "Lanert, Theodor"]
[Result "1-0"]
[ECO "A45"]
[WhiteElo "1213"]
[BlackElo "1306"]
[Annotator "NA RC COMBH"]
[PlyCount "71"]
[EventDate "2022.06.05"]
[EventType "swiss"]
[EventRounds "11"]
[EventCountry "GER"]
[SourceTitle "playchess.com"]
[Source "ChessBase"]
[SourceQuality "1"]
[TimeControl "40/4500+30:900+30"]

1. d4 Nf6 2. Bg5 e6 3. e4 Be7 4. Nc3 Nxe4 5. Nxe4 Bxg5 6. f4 Bh4+ 7. g3 d5 8. Nd2 Bf6 9. Ngf3 c5 10. c3 cxd4 11. cxd4 Nc6 12. Bb5 Bd7 13. Bxc6 Bxc6 14. O-O Qb6 15. Nb3 O-O 16. Ne5 Rac8 17. a4 Rfd8 18. Qd3 Qb4 19. Nc5 b6 20. Na6 Qd6 21. a5 Be8 22. b4 g6 23. Rae1 Bg7 24. Rf2 Bf8 25. g4 bxa5 26. Nc5 Qc7 27. f5 exf5 28. gxf5 axb4 29. fxg6 fxg6 30. Ne6 Qe7 31. Rxf8+ Qxf8 32. Nxf8 Kxf8 33. Qf3+ Kg7 34. Rf1 Bb5 35. Qf6+ Kh6 36. Qh4+ 1-0

[Event "GER-ch Youth-U10 2022"]
[Site "Willingen"]
[Date "2022.06.07"]
[Round "5.10"]
[White "Bundan, Edward"]
[Black "Shen, Tingrui"]
[Result "1/2-1/2"]
[ECO "B35"]
[WhiteElo "1240"]
[BlackElo "1621"]
[Annotator "NA RC COMBH"]
[PlyCount "56"]
[EventDate "2022.06.05"]
[EventType "swiss"]
[EventRounds "11"]
[EventCountry "GER"]
[SourceTitle "playchess.com"]
[Source "ChessBase"]
[SourceQuality "1"]
[TimeControl "40/4500+30:900+30"]

1. e4 c5 2. Nf3 Nc6 3. d4 cxd4 4. Nxd4 g6 5. Nc3 Bg7 6. Be3 Nf6 7. Bc4 Qa5 8. O-O O-O 9. Bb3 d6 10. f3 Bd7 11. Qd2 Rfe8 12. Rad1 Rac8 13. Kh1 Ne5 14. Qe2 a6 15. a4 Qc7 16. Rd2 Nc4 17. Bxc4 Qxc4 18. Qxc4 Rxc4 19. Ra1 Rec8 20. g4 Kf8 21. h4 Rb4 22. Nb3 Be6 23. Rd4 a5 24. Na2 Rbc4 25. Nc3 Rb4 26. Na2 Rbc4 27. Nc3 Rb4 28. Na2 Rbc4 1/2-1/2

[Event "GER-ch Youth-U10 2022"]
[Site "Willingen"]
[Date "2022.06.07"]
[Round "5.11"]
[White "Peglau, Paul David"]
[Black "Rudolph, Simon"]
[Result "1-0"]
[ECO "A36"]
[WhiteElo "1623"]
[BlackElo "1361"]
[Annotator "NA RC COMBH"]
[PlyCount "103"]
[EventDate "2022.06.05"]
[EventType "swiss"]
[EventRounds "11"]
[EventCountry "GER"]
[SourceTitle "playchess.com"]
[Source "ChessBase"]
[SourceQuality "1"]
[TimeControl "40/4500+30:900+30"]

1. c4 c5 2. Nc3 e6 3. e4 Nc6 4. g3 Nf6 5. Bg2 d6 6. Nge2 Be7 7. O-O O-O 8. d3 b6 9. e5 dxe5 10. Bxc6 Rb8 11. Be3 Qc7 12. Bg2 h5 13. f4 h4 14. fxe5 Ng4 15. Qd2 hxg3 16. Nxg3 Kh7 17. Qe2 Nxe5 18. Bf4 Bd6 19. Bxe5 Bxe5 20. Qh5+ Kg8 21. Nge4 g6 22. Qh6 Bg7 23. Qh4 Bd4+ 24. Kh1 Kg7 25. Ng5 Rh8 26. Rxf7+ Qxf7 27. Qxh8+ Kxh8 28. Nxf7+ Kg7 29. Nd6 Bd7 30. Rf1 Rf8 31. Rxf8 Kxf8 32. Be4 Ke7 33. Ndb5 a6 34. Nxd4 cxd4 35. Ne2 e5 36. Bxg6 Kf6 37. Be4 a5 38. Kg2 Kg5 39. Kg3 Kh5 40. Ng1 a4 41. Nf3 Kh6 42. Nxe5 a3 43. b4 Ba4 44. c5 Bb3 45. Nc4 bxc5 46. bxc5 Bxa2 47. Nxa3 Bb3 48. c6 Be6 49. c7 Bc8 50. Nc4 Kg7 51. Nd6 Ba6 52. Bb7 1-0

[Event "GER-ch Youth-U10 2022"]
[Site "Willingen"]
[Date "2022.06.07"]
[Round "5.12"]
[White "Li, Yunqi"]
[Black "Svanidze, Alexander"]
[Result "1-0"]
[ECO "D40"]
[WhiteElo "1312"]
[BlackElo "1348"]
[Annotator "NA RC COMBH"]
[PlyCount "73"]
[EventDate "2022.06.05"]
[EventType "swiss"]
[EventRounds "11"]
[EventCountry "GER"]
[SourceTitle "playchess.com"]
[Source "ChessBase"]
[SourceQuality "1"]
[TimeControl "40/4500+30:900+30"]

1. e4 c6 2. d4 d5 3. exd5 cxd5 4. c4 Nf6 5. Nf3 e6 6. Bg5 Be7 7. Nc3 Nc6 8. a3 a5 9. Qd2 O-O 10. Be2 dxc4 11. Bxc4 h6 12. Be3 b6 13. O-O Bb7 14. Rad1 Nd5 15. Nxd5 exd5 16. Ba2 b5 17. Bb1 b4 18. Bxh6 Bf6 19. Qc2 g6 20. Bxf8 Kxf8 21. Ba2 Be7 22. a4 Rc8 23. Qd2 Ba6 24. Qh6+ Kg8 25. Rfe1 Bf6 26. Ne5 Nxe5 27. dxe5 Bg5 28. Qh3 Bc4 29. Bxc4 Rxc4 30. e6 Rc7 31. Qd3 Qf6 32. Qxd5 Rc2 33. exf7+ Kg7 34. f8=Q+ Qxf8 35. Qxg5 Qxf2+ 36. Kh1 Rc5 37. Re7+ 1-0

[Event "GER-ch Youth-U10 2022"]
[Site "Willingen"]
[Date "2022.06.07"]
[Round "5.13"]
[White "Hagn, Tobias"]
[Black "Gersemann, Karl"]
[Result "0-1"]
[ECO "B92"]
[WhiteElo "1337"]
[BlackElo "1620"]
[Annotator "NA RC COMBH"]
[PlyCount "88"]
[EventDate "2022.06.05"]
[EventType "swiss"]
[EventRounds "11"]
[EventCountry "GER"]
[SourceTitle "playchess.com"]
[Source "ChessBase"]
[SourceQuality "1"]
[TimeControl "40/4500+30:900+30"]

1. e4 c5 2. Nf3 d6 3. d4 cxd4 4. Nxd4 Nf6 5. Nc3 a6 6. a4 Qc7 7. Be2 e5 8. Nb3 Be6 9. Be3 Be7 10. a5 Nbd7 11. O-O O-O 12. Nd2 d5 13. exd5 Nxd5 14. Nxd5 Bxd5 15. Bf3 Bxf3 16. Nxf3 Rad8 17. Qe2 f5 18. Ng5 Qc6 19. Qf3 e4 20. Qh3 h6 21. f4 hxg5 22. fxg5 Qg6 23. Qh4 Bc5 24. Rae1 Bxe3+ 25. Rxe3 Ne5 26. Rc3 Rc8 27. Qg3 Rxc3 28. Qxc3 Nf7 29. h4 Nd8 30. Qb3+ Qe6 31. Qh3 f4 32. Qh1 e3 33. Re1 Qg4 34. Kf1 f3 35. gxf3 Rxf3+ 36. Ke2 Rf2+ 37. Kd3 Rd2+ 38. Kc3 Qd4+ 39. Kb3 Nc6 40. Rc1 Qb4+ 41. Ka2 Qa4+ 42. Kb1 Nb4 43. Re1 Qa2+ 44. Kc1 Qa1# 0-1

[Event "GER-ch Youth-U10 2022"]
[Site "Willingen"]
[Date "2022.06.07"]
[Round "5.14"]
[White "Wagener, Nicolas"]
[Black "Fadeev, Justin Michael"]
[Result "0-1"]
[ECO "B23"]
[WhiteElo "1315"]
[BlackElo "1320"]
[Annotator "NA RC COMBH"]
[PlyCount "88"]
[EventDate "2022.06.05"]
[EventType "swiss"]
[EventRounds "11"]
[EventCountry "GER"]
[SourceTitle "playchess.com"]
[Source "ChessBase"]
[SourceQuality "1"]
[TimeControl "40/4500+30:900+30"]

1. e4 c5 2. Nc3 Nc6 3. Bc4 g6 4. f4 Bg7 5. Nf3 e6 6. O-O Nge7 7. d3 O-O 8. Qe1 d5 9. exd5 exd5 10. Bb3 Be6 11. Qh4 h6 12. f5 Nxf5 13. Qe1 a6 14. a3 Qd6 15. Bd2 Rfe8 16. Qc1 Kh7 17. Bf4 Qd7 18. Na4 Qe7 19. Nb6 Rad8 20. c4 dxc4 21. Bxc4 Bxc4 22. dxc4 Ncd4 23. Nd5 Rxd5 24. Re1 Nxf3+ 25. gxf3 Qxe1+ 26. Qxe1 Rxe1+ 27. Rxe1 Rd4 28. Re4 Rxe4 29. fxe4 Nd4 30. Bd6 Nf3+ 31. Kf2 Nd2 32. Bxc5 Nxe4+ 33. Ke3 Nxc5 34. b4 Na4 35. Kd3 f5 36. b5 axb5 37. cxb5 Bb2 38. Kc4 f4 39. Kb3 f3 40. Kxa4 f2 41. Ka5 f1=Q 42. a4 Bd4 43. b6 Qc4 44. h4 Qc5# 0-1

[Event "GER-ch Youth-U10 2022"]
[Site "Willingen"]
[Date "2022.06.07"]
[Round "5.16"]
[White "Rinke, Alexander"]
[Black "Tak, Rannveer"]
[Result "0-1"]
[ECO "C06"]
[WhiteElo "1292"]
[BlackElo "1746"]
[Annotator "NA RC COMBH"]
[PlyCount "60"]
[EventDate "2022.06.05"]
[EventType "swiss"]
[EventRounds "11"]
[EventCountry "GER"]
[SourceTitle "playchess.com"]
[Source "ChessBase"]
[SourceQuality "1"]
[TimeControl "40/4500+30:900+30"]

1. e4 e6 2. d4 d5 3. Nd2 Nf6 4. e5 Nfd7 5. Bd3 c5 6. c3 Nc6 7. Ne2 cxd4 8. cxd4 f6 9. exf6 Nxf6 10. O-O Bd6 11. Nf3 O-O 12. Nf4 Ng4 13. Ne2 Rxf3 14. gxf3 Nxh2 15. Re1 Nxf3+ 16. Kf1 Qh4 17. Ng1 Nxe1 18. Kxe1 Qxd4 19. Nf3 Bb4+ 20. Ke2 Qf6 21. Bg5 Nd4+ 22. Nxd4 Qxg5 23. Rc1 Bd7 24. Rc7 Qe5+ 25. Kf1 Qxc7 26. Qh5 Qc1+ 27. Kg2 h6 28. Nf3 Qxb2 29. Ne5 Be8 30. Qh2 Bd6 0-1

[Event "GER-ch Youth-U10 2022"]
[Site "Willingen"]
[Date "2022.06.07"]
[Round "5.17"]
[White "Vu, Khoi Nguyen"]
[Black "Zhao, Yunsheng"]
[Result "0-1"]
[ECO "C54"]
[WhiteElo "1627"]
[BlackElo "1144"]
[Annotator "NA RC COMBH"]
[PlyCount "115"]
[EventDate "2022.06.05"]
[EventType "swiss"]
[EventRounds "11"]
[EventCountry "GER"]
[SourceTitle "playchess.com"]
[Source "ChessBase"]
[SourceQuality "1"]
[TimeControl "40/4500+30:900+30"]

1. e4 e5 2. Nf3 Nc6 3. Bc4 Bc5 4. c3 Nf6 5. d4 exd4 6. cxd4 Bb4+ 7. Nc3 O-O 8. Bg5 Be7 9. O-O d6 10. Qc2 Bg4 11. Nd2 Nxd4 12. Qd3 Nc6 13. f3 Be6 14. Bb3 Ne5 15. Qe2 h6 16. Bh4 Qd7 17. Bc2 Rfe8 18. f4 Bg4 19. Qe1 Nc6 20. f5 Nd4 21. Bd3 Nc6 22. h3 Bh5 23. Bxf6 Bxf6 24. g4 Bxg4 25. hxg4 Bd4+ 26. Kg2 Ne5 27. Be2 c6 28. Nf3 Bxc3 29. Qxc3 Nxg4 30. Nh2 Nxh2 31. Kxh2 Rxe4 32. Rf2 Qe7 33. Rg1 Qh4+ 34. Kg2 Rae8 35. Kf1 R8e5 36. f6 g6 37. Qb3 Rg5 38. Rxg5 Qxg5 39. Qh3 Re6 40. Rg2 Qc1+ 41. Kf2 Rxf6+ 42. Bf3 Qd2+ 43. Kg1 Qe3+ 44. Kh2 Qxf3 45. Qc8+ Kg7 46. Qxb7 Rf5 47. Qxa7 Rh5+ 48. Kg1 Qd1+ 49. Kf2 Rf5+ 50. Kg3 Qf3+ 51. Kh2 Qf4+ 52. Kg1 Rg5 53. Qa3 Qd4+ 54. Kh2 Rh5+ 55. Kg3 Qh4+ 56. Kf3 Rf5+ 57. Ke2 Qe4+ 58. Kd1 0-1

[Event "GER-ch Youth-U10 2022"]
[Site "Willingen"]
[Date "2022.06.07"]
[Round "5.19"]
[White "Andersen, Jonatan M"]
[Black "Dotschuweit, Erik"]
[Result "0-1"]
[ECO "B28"]
[WhiteElo "1857"]
[BlackElo "1323"]
[Annotator "NA RC COMBH"]
[PlyCount "86"]
[EventDate "2022.06.05"]
[EventType "swiss"]
[EventRounds "11"]
[EventCountry "GER"]
[SourceTitle "playchess.com"]
[Source "ChessBase"]
[SourceQuality "1"]
[TimeControl "40/4500+30:900+30"]

1. e4 c5 2. Nf3 a6 3. c3 Nc6 4. d4 cxd4 5. cxd4 e6 6. Nc3 d5 7. exd5 exd5 8. Bd3 Bg4 9. Be3 Be7 10. h3 Bh5 11. g4 Bg6 12. Bxg6 hxg6 13. Qb3 Nf6 14. g5 Ne4 15. Qxd5 Nd6 16. a3 Qc8 17. h4 b6 18. Ne5 Nxe5 19. dxe5 Nc4 20. Na4 b5 21. Rc1 Qd8 22. Qxd8+ Rxd8 23. Bf4 Rd4 24. Bg3 bxa4 25. Rc2 Re4+ 26. Kf1 Nxe5 27. Kg2 O-O 28. f3 Rc4 29. Re2 Nc6 30. f4 Bd6 31. Rf1 Ne7 32. Kh3 Nf5 33. Bh2 Rb8 34. Kg4 Rb3 35. h5 Ne3+ 36. Rxe3 Rxe3 37. Rd1 gxh5+ 38. Kxh5 Rh3+ 39. Kg4 Rxh2 40. Rxd6 Rf2 41. Rd8+ Kh7 42. g6+ Kxg6 43. Rd6+ f6 0-1

[Event "GER-ch Youth-U10 2022"]
[Site "Willingen"]
[Date "2022.06.07"]
[Round "5.20"]
[White "Moskalenko, Michael"]
[Black "Sheng, Ming"]
[Result "0-1"]
[ECO "E11"]
[WhiteElo "1266"]
[BlackElo "1258"]
[Annotator "NA RC COMBH"]
[PlyCount "104"]
[EventDate "2022.06.05"]
[EventType "swiss"]
[EventRounds "11"]
[EventCountry "GER"]
[SourceTitle "playchess.com"]
[Source "ChessBase"]
[SourceQuality "1"]
[TimeControl "40/4500+30:900+30"]

1. d4 Nf6 2. c4 e6 3. Nf3 d5 4. g3 Bb4+ 5. Bd2 Bxd2+ 6. Nbxd2 c6 7. Qc2 O-O 8. Bg2 Nbd7 9. O-O Re8 10. b4 dxc4 11. Nxc4 Nb6 12. Nce5 Nbd5 13. a3 a5 14. Qb3 axb4 15. axb4 Bd7 16. Ng5 Rf8 17. Rfb1 h6 18. Ngf3 Qe7 19. Rxa8 Rxa8 20. Nd2 Nc7 21. Ndc4 Nb5 22. e3 Nd5 23. Bxd5 exd5 24. Nb6 Rd8 25. Nexd7 Rxd7 26. Nxd7 Qxd7 27. Qd3 g6 28. Ra1 Qe7 29. Rb1 Nd6 30. Ra1 Nb5 31. Ra4 Kg7 32. Qc2 h5 33. Qc5 Qe4 34. Qb6 Qb1+ 35. Kg2 Qe4+ 36. f3 Qc2+ 37. Kh3 Qxa4 38. Qxb7 Qxb4 39. Qxc6 Qc4 40. Qb7 Nd6 41. Qb8 Qc8+ 42. Qxc8 Nxc8 43. g4 hxg4+ 44. Kxg4 f6 45. f4 Ne7 46. Kf3 f5 47. Kg3 Kh6 48. h4 Kh5 49. Kh3 Ng8 50. Kg3 Nf6 51. Kf3 Kxh4 52. Kf2 Ng4+ 0-1

[Event "GER-ch Youth-U10 2022"]
[Site "Willingen"]
[Date "2022.06.07"]
[Round "5.21"]
[White "Fischer, Quirin"]
[Black "Menke, Raphael Wilhelm"]
[Result "1-0"]
[ECO "C56"]
[WhiteElo "1195"]
[BlackElo "1212"]
[Annotator "NA RC COMBH"]
[PlyCount "89"]
[EventDate "2022.06.05"]
[EventType "swiss"]
[EventRounds "11"]
[EventCountry "GER"]
[SourceTitle "playchess.com"]
[Source "ChessBase"]
[SourceQuality "1"]
[TimeControl "40/4500+30:900+30"]

1. e4 e5 2. Nf3 Nc6 3. Bc4 Nf6 4. d4 exd4 5. O-O Nxe4 6. Re1 d5 7. Bxd5 Qxd5 8. Nc3 Qh5 9. Nxe4 Be6 10. Neg5 O-O-O 11. Nxe6 fxe6 12. Rxe6 Bc5 13. Bd2 Rhe8 14. Qe1 h6 15. b4 Bb6 16. a4 a6 17. b5 Nb8 18. a5 Bc5 19. b6 Bd6 20. h3 Nc6 21. Ra4 Qf7 22. Re2 Bc5 23. Ne5 Nxe5 24. Rxe5 Bd6 25. Re4 Bc5 26. bxc7 Kxc7 27. Qe2 Kb8 28. Rxe8 Rxe8 29. Qd3 Rf8 30. Be1 Re8 31. Kf1 Rxe1+ 32. Kxe1 Qe8+ 33. Qe2 Qxa4 34. Qe5+ Ka8 35. Qxc5 Qe8+ 36. Kd2 Qd7 37. f3 Qf5 38. Qxf5 d3 39. cxd3 g6 40. Qc5 h5 41. d4 h4 42. d5 g5 43. d6 g4 44. d7 gxh3 45. d8=Q# 1-0

[Event "GER-ch Youth-U10 2022"]
[Site "Willingen"]
[Date "2022.06.07"]
[Round "5.22"]
[White "Wang, Kaiwen"]
[Black "Yao, Haiyang"]
[Result "0-1"]
[ECO "C47"]
[WhiteElo "1151"]
[BlackElo "1098"]
[Annotator "NA RC COMBH"]
[PlyCount "126"]
[EventDate "2022.06.05"]
[EventType "swiss"]
[EventRounds "11"]
[EventCountry "GER"]
[SourceTitle "playchess.com"]
[Source "ChessBase"]
[SourceQuality "1"]
[TimeControl "40/4500+30:900+30"]

1. e4 e5 2. Nf3 Nc6 3. Nc3 Nf6 4. d4 exd4 5. Nxd4 Bb4 6. Nxc6 bxc6 7. Bd3 O-O 8. O-O Re8 9. Re1 d5 10. exd5 Rxe1+ 11. Qxe1 Nxd5 12. Bd2 Bb7 13. Qe4 g6 14. Bh6 Be7 15. Nxd5 cxd5 16. Qf4 d4 17. Bc4 Bf6 18. Re1 Qd6 19. Qxd6 cxd6 20. Bf4 d5 21. Bd3 g5 22. Bg3 h5 23. h3 a5 24. Be5 Re8 25. Bb5 Rxe5 26. Rxe5 Bxe5 27. a4 Kf8 28. Bd3 Bc8 29. f3 f5 30. Be2 g4 31. Bd3 gxh3 32. gxh3 f4 33. Kh2 Kf7 34. Bh7 Kf6 35. Kg2 Bf5 36. Bxf5 Kxf5 37. b3 Ke6 38. Kf2 Kd6 39. Ke2 Kc5 40. Kd3 Kb4 41. Kd2 Ka3 42. Kd3 Kb2 43. Kd2 h4 44. Kd1 Kc3 45. Kc1 d3 46. b4 axb4 47. a5 Bd4 48. cxd3 Kxd3 49. a6 Ke3 50. Kc2 Kxf3 51. Kd3 Ba7 52. Kd2 Kg3 53. Ke2 b3 54. Kd3 b2 55. Kc2 f3 56. Kd2 b1=Q 57. Kc3 Qc1+ 58. Kd3 Qa3+ 59. Kd2 Be3+ 60. Kc2 f2 61. Kd1 f1=Q+ 62. Kc2 Qe2+ 63. Kb1 Qab2# 0-1